 Dungeon Crawl Stone Soup version 0.31-a0-145-g046c7d2549 (webtiles) character file.

Game seed: 6082686217701767895

69 qw the Shooter (level 4, -4/38 HPs)
             Began as a Minotaur Hunter on June 7, 2023.
             Slain by a gnoll
             ... wielding a +0 flail
              (10 damage)
             ... on level 2 of the Dungeon.
             The game lasted 00:00:22 (1047 turns).

qw the Shooter (Minotaur Hunter)                    Turns: 1047, Time: 00:00:23

Health: -4/38      AC:  3    Str: 15    XL:     4   Next: 2%
Magic:  3/3        EV: 12    Int:  6    God:
Gold:   48         SH:  0    Dex: 16    Spells: 3/3 levels left

rFire   . . .        Y - +0 shortbow
rCold   . . .        (shield currently unavailable)
rNeg    . . .        c - +0 leather armour
rPois   .            (helmet restricted)
rElec   .            (no cloak)
rCorr   .            (no gloves)
SInv    .            (no boots)
Will    .....        (no amulet)
Stlth   +            (no ring)
HPRegen 0.26/turn    (no ring)
MPRegen 0.08/turn

%: no passive effects
@: no status effects
A: horns 2, retaliatory headbutt
a: no special abilities


You were on level 2 of the Dungeon.
You visited 1 branch of the dungeon, and saw 2 of its levels.

You collected 88 gold pieces.
You spent 40 gold pieces at shops.


Innate Abilities, Weirdness & Mutations

You have a pair of horns on your head.
You reflexively headbutt those who attack you in melee.


   Skills:
 - Level 3.0 Fighting
 + Level 5.9 Ranged Weapons
 - Level 2.1 Dodging
 - Level 0.7 Stealth


You had 3 spell levels left.
You didn't know any spells.
Your spell library was empty.

Inventory:

Hand Weapons
 Y - a +0 shortbow (weapon)
Armour
 c - a +0 leather armour (worn)
 d - a +0 ring mail
 g - a +0 pair of boots
Scrolls
 f - 2 scrolls of identify
Potions
 a - a potion of invisibility {unknown}
 b - a potion of ambrosia {unknown}
 e - a potion of attraction {unknown}
 h - a potion of curing

Dungeon Overview and Level Annotations

Branches:
Dungeon (2/15)

Altars:

Shops:
D:2 [


Message History

The gnoll hits you with a +0 whip.
You shoot an arrow. The arrow barely misses the gnoll.
The gnoll hits you with a +0 flail! The gnoll closely misses you.
The gnoll hits you with a +0 flail. The gnoll hits you with a +0 whip.
You shoot an arrow. The arrow hits the gnoll!
You kill the gnoll!
The gnoll hits you with a +0 flail.
You shoot an arrow.
The arrow hits the gnoll but does no damage.
The kobold closely misses you. You furiously retaliate!
You headbutt the kobold!
You kill the kobold!
The gnoll barely misses you.
You shoot an arrow. The arrow hits the gnoll.
The gnoll is lightly wounded.
The gnoll barely misses you.
You shoot an arrow. The arrow hits the gnoll!
The gnoll is severely wounded.
The gnoll closely misses you.
You shoot an arrow. The arrow barely misses the gnoll.
The gnoll hits you with a +0 flail!
You shoot an arrow. The arrow hits the gnoll.
You kill the gnoll!
You have reached level 4!
You feel agile.
You start resting.
A gnoll comes into view. It is wielding a +0 flail.
You shoot an arrow. The arrow hits the gnoll.
The gnoll is lightly wounded.
You shoot an arrow. The arrow hits the gnoll.
The gnoll is lightly wounded.
You shoot an arrow.
The arrow hits the gnoll but does no damage.
The gnoll is lightly wounded.
You shoot an arrow. The arrow barely misses the gnoll.
You shoot an arrow. The arrow hits the gnoll.
The gnoll is moderately wounded.
The gnoll barely misses you. x2
You shoot an arrow. The arrow hits the gnoll!
The gnoll is almost dead.
The gnoll hits you with a +0 flail!
You die...

.....P....7~7P~7
......~[~7~7~~7~~~~~~7
....P.7~~~~~~~[.~.~~~ ~
......~P~~7~~~7~~7~~77..
......77.¤7P~7~~~~.~.~..
.[.P....7¤¤¤P~7~7.~....7
7........¤P¤......)...7.
.7.7.7....¤......)....P.
7P7.7.7P7...%...@g.7
.7.7.7.7.7...P...P77
7.7P777.7777...P777
.7P77.77.77.7P.77
7.7.7.7.7.77.7.7
.777.7..77P..77P7
777PP..7..7.77 .P.
7..77P.P7..77 7..7
.7P.7..7..77 .77


You could see a gnoll.

Vanquished Creatures
  3 gnolls (D:2)
  An adder (D:2)
  3 ball pythons
  6 endoplasms (D:1)
  A giant cockroach (D:2)
  3 goblins (D:1)
  4 hobgoblins
  2 kobolds
  A quokka (D:1)
  2 bats (D:1)
  A frilled lizard (D:1)
  3 rats
30 creatures vanquished.

Notes
Turn   | Place    | Note
-------+----------+-------------------------------------------
     0 | D:1      | qw the Minotaur Hunter began the quest for the Orb.
     0 | D:1      | Reached XP level 1. HP: 18/18 MP: 0/0
     0 | D:1      | 0 ||| qw: Version: 0.2-a-117-gc6b5c8b
     0 | D:1      | 0 ||| qw: Game counter: 2431
     0 | D:1      | 0 ||| qw: Always use a shield: true
     0 | D:1      | 0 ||| qw: God list: Okawaru
     0 | D:1      | 0 ||| qw: Allow faded altars: false
     0 | D:1      | 0 ||| qw: Do Orc after D:15 true
     0 | D:1      | 0 ||| qw: Do second Lair branch before Depths: true
     0 | D:1      | 0 ||| qw: Lair rune preference: random
     0 | D:1      | 0 ||| qw: Plans: Normal
     0 | D:1      | 0 ||| PLANNING D:1-11
   243 | D:1      | Reached XP level 2. HP: 25/25 MP: 1/1
   299 | D:1      | Reached skill level 5 in Ranged Weapons
   406 | D:1      | Reached skill level 3 in Fighting
   700 | D:1      | 700 ||| READING scroll labelled KEERHISKYWU.
   701 | D:1      | 701 ||| READING scroll labelled ROSAOK WYJIAL.
   705 | D:1      | 705 ||| READING 4 scrolls labelled KAOREI YPEBBOR.
   706 | D:1      | 706 ||| READING scroll labelled VUDE CUKYSTOO.
   707 | D:1      | 707 ||| READING 3 scrolls of identify.
   707 | D:1      | 707 ||| IDENTIFYING bubbling ruby potion
   708 | D:1      | 708 ||| DROPPING scroll of butterflies.
   861 | D:2      | Found Qeatzac's Armour Shop.
   883 | D:2      | 883 ||| BUYING +0 ring mail (40 gold).
   883 | D:2      | Bought a +0 ring mail for 40 gold pieces
   962 | D:2      | Found a faded altar of an unknown god.
   997 | D:2      | Reached XP level 3. HP: 31/31 MP: 2/2
  1039 | D:2      | HP: 3/31 [gnoll/+0 flail (13)]
  1041 | D:2      | Reached XP level 4. HP: 4/38 MP: 3/3
  1047 | D:2      | Slain by a gnoll

Levels and vault maps discovered:
D:1:      onia_arrival_mini_spirals, layout_rooms, serial_corexii_hall,
          chequers_hall_statues_wall_a, corexii_hall_statues_u
D:2:      wad_woods_pond, layout_basic, serial_shops, nicolae_shop_waterfront,
          shapermc_ecumenical_altar_flowoftime

Skill      XL: |  1  2 |
---------------+-------+-----
Ranged Weapons | 5 |  5.9
Fighting       | 3 |  3.0
Dodging        | |  2.1
Stealth        | |  0.7

Action                     |  1- 3 |  4- 6 || total
---------------------------+-------+-------++-------
   Fire: Shortbow          |    77 |     6 ||    83
    Use: Scroll            |     5 |       ||     5
 Armour: Leather armour    |     5 |       ||     5
  Dodge: Dodged            |    18 |     2 ||    20

Table legend:
 A = Non-vault XP
 B = Vault XP
 C = Vault XP percentage of total XP
 D = Non-vault monster count
 E = Vault monster count
 F = Vault count percentage of total count
                 A         B        C        D         E       F
            +---------+---------+-------+---------+---------+-------
      Total |      86 |      13 |  13.1 |      29 |       1 |   3.3
            +---------+---------+-------+---------+---------+-------
        D:1 |      34 |       0 |   0.0 |      20 |       0 |   0.0
        D:2 |      52 |      13 |  20.0 |       9 |       1 |  10.0
            +---------+---------+-------+---------+---------+-------
